[ AOE2 MATCH · #487191848 ]
Team RMKhmer vs Chinese
[ REPLAY ANALYSIS · EXTRACTED FROM THE RECORDED GAME ]
Feudal
10:17
Castle
26:36
Imperial
—
| APM avg | 30.7 |
| APM peak | 61 |
| eAPM avg | 12.5 |
| Villagers / military | 70 / 83 |
Focus
⚔️ 35.6% · 🌾 64.4%
Archer ×71 · Battering Ram ×5 · Battle Elephant ×4 · Mangonel ×3
Feudal
9:33
Castle
19:57
Imperial
—
| APM avg | 35.1 |
| APM peak | 76 |
| eAPM avg | 16.7 |
| Villagers / military | 96 / 12 |
Focus
⚔️ 28.5% · 🌾 71.5%
Unknown (1944) ×24 · Unknown (1949) ×20 · Scorpion ×7 · Scout Cavalry ×3 · Mangonel ×2
Feudal
8:46
Castle
24:55
Imperial
—
| APM avg | 34.9 |
| APM peak | 78 |
| eAPM avg | 16.7 |
| Villagers / military | 123 / 102 |
Focus
⚔️ 27.0% · 🌾 73.0%
Archer ×102
Feudal
9:57
Castle
25:49
Imperial
—
| APM avg | 36.4 |
| APM peak | 87 |
| eAPM avg | 17.8 |
| Villagers / military | 62 / 70 |
Focus
⚔️ 28.7% · 🌾 71.3%
Archer ×69 · Spearman ×1
Feudal
9:26
Castle
25:06
Imperial
—
| APM avg | 21.5 |
| APM peak | 48 |
| eAPM avg | 12.0 |
| Villagers / military | 74 / 58 |
Focus
⚔️ 25.7% · 🌾 74.3%
Knight ×43 · Scout Cavalry ×10 · Spearman ×5
Feudal
9:23
Castle
26:04
Imperial
—
| APM avg | 31.2 |
| APM peak | 77 |
| eAPM avg | 16.2 |
| Villagers / military | 74 / 22 |
Focus
⚔️ 20.1% · 🌾 79.9%
Knight ×13 · Spearman ×5 · Scout Cavalry ×4
Match map
Initial resources + every placement click. Lines = walls · curves = elevation contours. ◆ gold · ⬟ stone · ● berries · ✦ relic · ◌ wall gap
Your base· ✓ Closed at 26:36 · 65t walls · no gate
LMG_Leonardo's base· ✓ Closed at 19:57 · 97t walls · no gate
apyrupa_LimaH's base· ✓ Closed at 24:55 · 51t walls · 1 gate(s)
LMG_HERA DE TEMU's base· ✓ Closed at 25:49 · 42t walls · 2 gate(s)
ViRGuLiNo's base· ✓ Closed at 25:06 · 35t walls · no gate
LMG_SON SABANDIJAS's base· ✓ Closed at 26:04 · 49t walls · 1 gate(s)
Smoothed initial terrain · ◌ = detected wall gap · hover for details
Inputs per minute
— apyrupa_master - - LMG_Leonardo
Build order — apyrupa_master
First 150 of 228 actions detected
| 0:03 | Create | Villager (Male) |
| 0:06 | Create | Villager (Male) |
| 0:06 | Create | Villager (Male) |
| 0:10 | Build | House |
| 0:15 | Build | House |
| 1:29 | Create | Villager (Male) |
| 1:29 | Create | Villager (Male) |
| 1:57 | Create | Villager (Male) |
| 2:05 | Build | Lumber Camp |
| 2:50 | Create | Villager (Male) |
| 2:50 | Create | Villager (Male) |
| 2:50 | Create | Villager (Male) |
| 3:23 | Build | House |
| 3:39 | Create | Villager (Male) |
| 3:40 | Create | Villager (Male) |
| 3:40 | Create | Villager (Male) |
| 3:47 | Create | Villager (Male) |
| 4:30 | Create | Villager (Male) |
| 4:33 | Create | Villager (Male) |
| 4:50 | Build | House |
| 5:40 | Create | Villager (Male) |
| 5:52 | Build | Mining Camp |
| 6:52 | Create | Villager (Male) |
| 6:53 | Create | Villager (Male) |
| 6:54 | Create | Villager (Male) |
| 7:30 | Research | Loom |
| 7:57 | Research | Feudal Age |
| 8:27 | Build | Palisade Wall |
| 8:30 | Build | House |
| 8:44 | Build | Palisade Wall |
| 8:48 | Build | House |
| 9:20 | Build | Palisade Wall |
| 9:34 | Build | Palisade Wall |
| 9:37 | Build | Palisade Wall |
| 9:46 | Build | Palisade Wall |
| 10:09 | Build | House |
| 10:14 | Build | Palisade Wall |
| 10:17 | Age | Feudal Age |
| 10:19 | Create | Villager (Male) |
| 10:21 | Create | Villager (Male) |
| 10:32 | Build | Archery Range |
| 10:43 | Build | Archery Range |
| 10:53 | Build | Palisade Gate |
| 10:56 | Build | House |
| 11:02 | Build | Palisade Wall |
| 11:26 | Create | Villager (Male) |
| 11:27 | Create | Archer |
| 11:28 | Create | Archer |
| 11:33 | Build | House |
| 11:52 | Build | Mill |
| 12:22 | Build | Blacksmith |
| 12:28 | Create | Villager (Male) |
| 12:31 | Create | Archer |
| 12:31 | Create | Archer |
| 12:44 | Create | Archer |
| 12:51 | Build | Farm |
| 12:56 | Build | Farm |
| 13:03 | Create | Villager (Male) |
| 13:13 | Build | House |
| 13:22 | Create | Archer |
| 13:23 | Create | Archer |
| 13:32 | Build | Palisade Wall |
| 13:35 | Build | Palisade Wall |
| 13:38 | Build | House |
| 13:49 | Create | Villager (Male) |
| 13:51 | Create | Archer |
| 13:57 | Build | Farm |
| 14:02 | Create | Villager (Male) |
| 14:13 | Build | Palisade Wall |
| 14:22 | Build | Farm |
| 14:24 | Create | Villager (Male) |
| 14:26 | Create | Archer |
| 14:26 | Create | Archer |
| 14:46 | Create | Villager (Male) |
| 15:01 | Build | Farm |
| 15:04 | Create | Villager (Male) |
| 15:05 | Create | Archer |
| 15:22 | Research | Horse Collar |
| 15:26 | Create | Archer |
| 15:26 | Create | Archer |
| 15:44 | Create | Archer |
| 16:04 | Research | Double-Bit Axe |
| 16:07 | Create | Villager (Male) |
| 16:38 | Research | Fletching |
| 16:55 | Research | Padded Archer Armor |
| 16:58 | Create | Archer |
| 16:59 | Create | Archer |
| 17:07 | Build | Farm |
| 17:17 | Create | Villager (Male) |
| 17:17 | Create | Villager (Male) |
| 17:53 | Create | Villager (Male) |
| 17:53 | Create | Villager (Male) |
| 17:54 | Create | Archer |
| 17:55 | Create | Archer |
| 17:55 | Create | Archer |
| 18:37 | Create | Archer |
| 18:37 | Create | Archer |
| 18:38 | Create | Villager (Male) |
| 18:38 | Create | Villager (Male) |
| 18:38 | Create | Villager (Male) |
| 18:39 | Create | Archer |
| 18:50 | Build | Lumber Camp |
| 19:03 | Create | Villager (Male) |
| 19:03 | Create | Villager (Male) |
| 19:21 | Create | Archer |
| 19:21 | Create | Archer |
| 19:22 | Create | Archer |
| 19:36 | Create | Archer |
| 19:36 | Create | Archer |
| 19:38 | Build | Farm |
| 20:26 | Create | Archer |
| 20:26 | Create | Archer |
| 20:52 | Research | Wheelbarrow |
| 20:57 | Build | House |
| 21:04 | Build | House |
| 21:42 | Create | Villager (Male) |
| 21:49 | Build | Farm |
| 21:51 | Build | Farm |
| 21:56 | Build | Farm |
| 21:57 | Build | Farm |
| 22:01 | Build | Farm |
| 22:02 | Build | Farm |
| 22:10 | Create | Archer |
| 22:10 | Create | Archer |
| 22:11 | Create | Archer |
| 22:11 | Create | Archer |
| 23:35 | Build | House |
| 23:52 | Create | Archer |
| 23:56 | Research | Castle Age |
| 24:10 | Build | Archery Range |
| 24:22 | Research | Gold Mining |
| 25:03 | Build | House |
| 25:32 | Create | Archer |
| 25:32 | Create | Archer |
| 25:33 | Create | Archer |
| 25:33 | Create | Archer |
| 26:32 | Build | House |
| 26:33 | Build | House |
| 26:36 | Age | Castle Age |
| 26:39 | Research | Hand Cart |
| 26:44 | Research | Bodkin Arrow |
| 26:47 | Research | Crossbowman (upgrade) |
| 27:05 | Build | Town Center |
| 27:20 | Build | Town Center |
| 27:24 | Research | Bow Saw |
| 27:27 | Create | Archer |
| 27:27 | Create | Archer |
| 27:27 | Create | Archer |
| 27:40 | Create | Villager (Male) |
| 27:58 | Create | Archer |
Build order — LMG_Leonardo
First 150 of 276 actions detected
| 0:01 | Create | Villager (Male) |
| 0:01 | Create | Villager (Male) |
| 0:01 | Create | Villager (Male) |
| 0:01 | Create | Villager (Male) |
| 0:02 | Build | House |
| 0:04 | Build | House |
| 1:33 | Create | Villager (Male) |
| 2:00 | Build | Lumber Camp |
| 2:03 | Create | Villager (Male) |
| 2:03 | Create | Villager (Male) |
| 2:19 | Create | Villager (Male) |
| 2:19 | Create | Villager (Male) |
| 2:35 | Create | Villager (Male) |
| 2:36 | Create | Villager (Male) |
| 3:17 | Create | Villager (Male) |
| 3:17 | Create | Villager (Male) |
| 3:17 | Create | Villager (Male) |
| 3:38 | Create | Villager (Male) |
| 3:51 | Build | House |
| 4:19 | Build | Mill |
| 4:32 | Build | House |
| 4:53 | Create | Villager (Male) |
| 4:53 | Create | Villager (Male) |
| 4:53 | Create | Villager (Male) |
| 5:07 | Create | Villager (Male) |
| 5:32 | Build | House |
| 6:16 | Create | Villager (Male) |
| 6:16 | Research | Loom |
| 7:17 | Research | Feudal Age |
| 7:17 | Research | Feudal Age |
| 7:45 | Build | Barracks |
| 8:00 | Create | Villager (Male) |
| 8:56 | Build | House |
| 9:24 | Build | Mill |
| 9:33 | Age | Feudal Age |
| 9:35 | Build | Stable |
| 9:39 | Research | Double-Bit Axe |
| 9:44 | Build | House |
| 9:45 | Build | House |
| 9:46 | Build | Palisade Wall |
| 9:48 | Build | Palisade Wall |
| 9:52 | Create | Villager (Male) |
| 9:55 | Create | Villager (Male) |
| 10:32 | Create | Scout Cavalry |
| 10:32 | Create | Scout Cavalry |
| 10:33 | Create | Scout Cavalry |
| 10:36 | Create | Villager (Male) |
| 10:40 | Build | Farm |
| 10:41 | Build | Farm |
| 11:22 | Create | Villager (Male) |
| 11:30 | Create | Villager (Male) |
| 11:30 | Create | Villager (Male) |
| 11:37 | Build | Farm |
| 11:38 | Build | Farm |
| 11:42 | Build | Farm |
| 11:42 | Build | Farm |
| 11:48 | Build | Farm |
| 12:00 | Create | Villager (Male) |
| 12:18 | Create | Villager (Male) |
| 12:20 | Build | Farm |
| 12:25 | Build | House |
| 12:27 | Build | House |
| 12:31 | Build | Palisade Wall |
| 12:34 | Build | Palisade Wall |
| 12:35 | Build | Palisade Wall |
| 12:39 | Create | Villager (Male) |
| 12:49 | Create | Villager (Male) |
| 13:31 | Create | Villager (Male) |
| 13:31 | Create | Villager (Male) |
| 13:40 | Build | Blacksmith |
| 13:44 | Research | Horse Collar |
| 13:50 | Build | House |
| 14:00 | Build | Palisade Wall |
| 14:03 | Build | Palisade Wall |
| 14:07 | Build | Palisade Wall |
| 14:09 | Create | Villager (Male) |
| 14:09 | Create | Villager (Male) |
| 14:13 | Create | Villager (Male) |
| 14:43 | Build | Palisade Wall |
| 14:46 | Build | Palisade Wall |
| 14:47 | Build | Palisade Wall |
| 14:56 | Build | Farm |
| 14:59 | Build | Farm |
| 15:01 | Build | Farm |
| 15:12 | Build | Mining Camp |
| 15:20 | Build | Farm |
| 15:21 | Build | Farm |
| 15:24 | Build | House |
| 15:51 | Create | Villager (Male) |
| 16:04 | Build | Palisade Gate |
| 16:14 | Build | House |
| 16:15 | Build | House |
| 16:18 | Create | Villager (Male) |
| 16:35 | Create | Villager (Male) |
| 17:17 | Research | Castle Age |
| 17:17 | Research | Castle Age |
| 17:35 | Research | Gold Mining |
| 18:40 | Build | House |
| 19:12 | Build | House |
| 19:31 | Build | Mining Camp |
| 19:40 | Research | Bloodlines |
| 19:56 | Build | House |
| 19:57 | Age | Castle Age |
| 20:36 | Create | Villager (Male) |
| 20:36 | Create | Villager (Male) |
| 20:37 | Create | Villager (Male) |
| 20:45 | Create | Unit 1944 |
| 20:45 | Create | Unit 1944 |
| 20:45 | Create | Unit 1944 |
| 21:40 | Create | Unit 1944 |
| 21:40 | Create | Unit 1944 |
| 21:42 | Create | Villager (Male) |
| 21:48 | Build | Market |
| 21:54 | Build | House |
| 22:05 | Build | Lumber Camp |
| 22:29 | Create | Villager (Male) |
| 22:30 | Create | Villager (Male) |
| 22:30 | Create | Villager (Male) |
| 22:51 | Create | Villager (Male) |
| 23:07 | Create | Villager (Male) |
| 23:22 | Build | Siege Workshop |
| 23:34 | Create | Villager (Male) |
| 23:35 | Create | Villager (Male) |
| 23:35 | Create | Villager (Male) |
| 23:49 | Build | Palisade Gate |
| 24:04 | Build | Farm |
| 24:25 | Build | House |
| 24:29 | Create | Villager (Male) |
| 24:29 | Create | Villager (Male) |
| 24:30 | Create | Villager (Male) |
| 24:37 | Create | Mangonel |
| 24:38 | Create | Mangonel |
| 25:19 | Create | Villager (Male) |
| 25:20 | Create | Villager (Male) |
| 25:55 | Create | Villager (Male) |
| 25:56 | Create | Villager (Male) |
| 26:06 | Build | Farm |
| 26:08 | Build | Farm |
| 26:29 | Create | Unit 1944 |
| 26:29 | Create | Unit 1944 |
| 26:35 | Research | Scale Barding Armor |
| 26:35 | Research | Scale Barding Armor |
| 26:41 | Build | House |
| 26:45 | Build | Farm |
| 26:53 | Build | Town Center |
| 27:03 | Create | Unit 1944 |
| 27:04 | Create | Unit 1944 |
| 27:04 | Create | Unit 1944 |
| 27:41 | Create | Scorpion |
| 27:44 | Create | Villager (Male) |
Build order — apyrupa_LimaH
First 150 of 279 actions detected
| 0:00 | Create | Villager (Male) |
| 0:01 | Create | Villager (Male) |
| 0:01 | Create | Villager (Male) |
| 0:03 | Build | House |
| 0:05 | Build | House |
| 0:40 | Create | Villager (Male) |
| 0:40 | Create | Villager (Male) |
| 1:42 | Create | Villager (Male) |
| 1:42 | Create | Villager (Male) |
| 1:53 | Build | Lumber Camp |
| 2:00 | Create | Villager (Male) |
| 2:00 | Create | Villager (Male) |
| 2:14 | Build | House |
| 2:23 | Create | Villager (Male) |
| 2:23 | Create | Villager (Male) |
| 2:53 | Create | Villager (Male) |
| 2:53 | Create | Villager (Male) |
| 2:54 | Create | Villager (Male) |
| 3:36 | Create | Villager (Male) |
| 3:36 | Create | Villager (Male) |
| 4:50 | Build | Mill |
| 4:56 | Create | Villager (Male) |
| 4:56 | Create | Villager (Male) |
| 4:56 | Create | Villager (Male) |
| 4:57 | Create | Villager (Male) |
| 4:58 | Research | Loom |
| 5:12 | Create | Villager (Male) |
| 5:13 | Create | Villager (Male) |
| 6:27 | Research | Feudal Age |
| 7:02 | Build | Lumber Camp |
| 7:30 | Create | Villager (Male) |
| 7:31 | Create | Villager (Male) |
| 8:28 | Build | Barracks |
| 8:42 | Build | House |
| 8:46 | Age | Feudal Age |
| 9:24 | Build | House |
| 9:32 | Build | Archery Range |
| 9:50 | Create | Villager (Male) |
| 9:51 | Create | Villager (Male) |
| 10:00 | Build | Mining Camp |
| 10:03 | Create | Villager (Male) |
| 10:31 | Create | Villager (Male) |
| 10:35 | Build | Mill |
| 10:43 | Create | Archer |
| 10:49 | Build | House |
| 11:01 | Create | Villager (Male) |
| 11:15 | Create | Archer |
| 11:30 | Build | Palisade Wall |
| 11:34 | Create | Villager (Male) |
| 11:53 | Build | Archery Range |
| 11:56 | Build | House |
| 11:58 | Create | Villager (Male) |
| 12:07 | Build | Palisade Wall |
| 12:15 | Create | Archer |
| 12:28 | Create | Villager (Male) |
| 12:55 | Build | Palisade Wall |
| 13:01 | Create | Villager (Male) |
| 13:03 | Create | Archer |
| 13:20 | Create | Archer |
| 13:20 | Create | Archer |
| 13:21 | Create | Villager (Male) |
| 13:33 | Build | Blacksmith |
| 13:36 | Create | Villager (Male) |
| 13:38 | Create | Archer ×2 |
| 13:47 | Create | Villager (Male) |
| 13:51 | Build | Palisade Wall |
| 13:55 | Build | House |
| 13:58 | Build | Palisade Wall |
| 14:03 | Build | House |
| 14:09 | Create | Archer ×2 |
| 14:18 | Research | Fletching |
| 14:19 | Research | Padded Archer Armor |
| 14:19 | Research | Padded Archer Armor |
| 14:20 | Create | Villager (Male) |
| 14:35 | Build | Farm |
| 14:40 | Build | Farm |
| 14:40 | Build | Farm |
| 14:41 | Build | Farm |
| 14:41 | Build | Farm |
| 14:52 | Build | House |
| 14:59 | Build | House |
| 15:12 | Create | Archer ×4 |
| 15:13 | Create | Villager (Male) |
| 15:53 | Research | Double-Bit Axe |
| 15:55 | Create | Archer ×2 |
| 16:03 | Build | House |
| 16:14 | Build | House |
| 16:15 | Build | Palisade Wall |
| 16:21 | Build | Palisade Wall |
| 16:27 | Create | Archer ×2 |
| 16:36 | Create | Villager (Male) |
| 16:38 | Build | Farm |
| 16:39 | Build | Farm |
| 17:00 | Create | Archer ×3 |
| 17:07 | Create | Villager (Male) |
| 17:14 | Build | Farm |
| 17:17 | Build | Farm |
| 17:20 | Create | Villager (Male) |
| 17:33 | Build | House |
| 17:38 | Create | Villager (Male) |
| 17:40 | Create | Archer |
| 17:49 | Build | Farm |
| 17:53 | Build | Farm |
| 18:09 | Create | Archer ×2 |
| 18:11 | Create | Villager (Male) |
| 18:16 | Build | Farm |
| 18:17 | Build | Farm |
| 18:17 | Build | Farm |
| 18:18 | Build | Farm |
| 18:18 | Build | Farm |
| 18:34 | Create | Villager (Male) |
| 18:59 | Create | Archer ×2 |
| 19:01 | Create | Villager (Male) |
| 19:10 | Build | Farm |
| 19:11 | Build | Farm |
| 19:11 | Build | Farm |
| 19:29 | Create | Archer ×2 |
| 20:00 | Create | Villager (Male) |
| 20:03 | Create | Villager (Male) |
| 20:05 | Build | Farm |
| 20:06 | Build | Farm |
| 20:06 | Build | Farm |
| 20:16 | Create | Archer ×3 |
| 20:16 | Create | Villager (Male) |
| 20:57 | Create | Archer ×2 |
| 20:57 | Create | Villager (Male) |
| 21:00 | Build | Farm |
| 21:02 | Build | Farm |
| 21:23 | Create | Archer |
| 21:24 | Create | Villager (Male) |
| 21:28 | Build | Farm |
| 22:02 | Create | Villager (Male) |
| 22:07 | Build | Farm |
| 22:15 | Research | Castle Age |
| 22:24 | Build | House |
| 22:36 | Create | Archer |
| 22:37 | Create | Villager (Male) |
| 23:03 | Create | Archer ×2 |
| 23:20 | Build | Palisade Gate |
| 23:33 | Create | Archer |
| 23:44 | Create | Archer |
| 23:48 | Build | Archery Range |
| 23:51 | Create | Villager (Male) |
| 23:57 | Build | Lumber Camp |
| 24:23 | Build | Farm |
| 24:34 | Create | Archer ×3 |
| 24:35 | Create | Villager (Male) |
| 24:41 | Research | Gold Mining |
| 24:45 | Create | Archer |
| 24:55 | Age | Castle Age |
Build order — LMG_HERA DE TEMU
First 150 of 202 actions detected
| 0:04 | Research | Loom |
| 0:54 | Create | Villager (Male) |
| 0:54 | Create | Villager (Male) |
| 0:54 | Create | Villager (Male) |
| 1:30 | Build | Lumber Camp |
| 1:45 | Create | Villager (Male) |
| 1:45 | Create | Villager (Male) |
| 1:56 | Create | Villager (Male) |
| 2:33 | Create | Villager (Male) |
| 2:34 | Create | Villager (Male) |
| 3:10 | Create | Villager (Male) |
| 3:10 | Create | Villager (Male) |
| 3:10 | Create | Villager (Male) |
| 3:20 | Create | Villager (Male) |
| 3:21 | Create | Villager (Male) |
| 3:38 | Build | House |
| 3:40 | Build | House |
| 3:45 | Create | Villager (Male) |
| 3:45 | Create | Villager (Male) |
| 4:09 | Create | Villager (Male) |
| 4:09 | Create | Villager (Male) |
| 4:09 | Create | Villager (Male) |
| 4:26 | Create | Villager (Male) |
| 4:26 | Create | Villager (Male) |
| 4:34 | Build | Mill |
| 4:50 | Create | Villager (Male) |
| 4:50 | Create | Villager (Male) |
| 4:50 | Create | Villager (Male) |
| 5:16 | Create | Villager (Male) |
| 5:16 | Create | Villager (Male) |
| 5:16 | Create | Villager (Male) |
| 5:57 | Build | Mill |
| 6:39 | Create | Villager (Male) |
| 6:40 | Create | Villager (Male) |
| 6:58 | Build | House |
| 7:47 | Research | Feudal Age |
| 7:47 | Research | Feudal Age |
| 8:40 | Create | Villager (Male) |
| 8:40 | Create | Villager (Male) |
| 9:03 | Build | Barracks |
| 9:09 | Build | Palisade Wall |
| 9:57 | Age | Feudal Age |
| 10:03 | Build | Mining Camp |
| 10:04 | Create | Villager (Male) |
| 10:04 | Create | Villager (Male) |
| 10:16 | Build | Archery Range |
| 10:32 | Build | Palisade Gate |
| 10:41 | Research | Double-Bit Axe |
| 10:46 | Build | House |
| 10:50 | Build | Palisade Wall |
| 10:58 | Create | Archer |
| 10:58 | Create | Archer |
| 10:58 | Create | Archer |
| 11:10 | Create | Villager (Male) |
| 11:10 | Create | Villager (Male) |
| 11:28 | Create | Archer |
| 11:28 | Create | Archer |
| 11:35 | Create | Villager (Male) |
| 11:35 | Create | Villager (Male) |
| 11:37 | Build | House |
| 11:44 | Build | Palisade Wall |
| 11:57 | Create | Villager (Male) |
| 11:57 | Create | Villager (Male) |
| 12:03 | Create | Archer |
| 12:03 | Create | Archer |
| 12:16 | Build | Palisade Gate |
| 12:28 | Build | Palisade Wall |
| 12:31 | Build | Palisade Wall |
| 12:36 | Create | Archer |
| 12:36 | Create | Archer |
| 12:37 | Create | Archer |
| 12:37 | Create | Villager (Male) |
| 12:38 | Create | Villager (Male) |
| 12:38 | Create | Villager (Male) |
| 12:42 | Build | Farm |
| 12:43 | Build | Farm |
| 12:47 | Build | Farm |
| 12:48 | Build | Farm |
| 12:59 | Build | Palisade Wall |
| 13:15 | Create | Archer |
| 13:16 | Create | Archer |
| 13:16 | Create | Archer |
| 13:19 | Create | Spearman |
| 13:32 | Create | Archer |
| 13:32 | Create | Archer |
| 13:49 | Create | Villager (Male) |
| 13:49 | Create | Villager (Male) |
| 13:49 | Create | Villager (Male) |
| 13:49 | Create | Villager (Male) |
| 13:51 | Build | Farm |
| 13:56 | Build | Farm |
| 13:57 | Build | Farm |
| 13:59 | Build | Farm |
| 14:09 | Create | Archer |
| 14:10 | Create | Archer |
| 14:23 | Build | House |
| 14:29 | Create | Archer |
| 14:29 | Create | Archer |
| 14:37 | Research | Town Watch |
| 14:46 | Build | House |
| 14:51 | Build | Farm |
| 14:52 | Build | Farm |
| 14:54 | Create | Villager (Male) |
| 14:54 | Create | Villager (Male) |
| 15:01 | Create | Villager (Male) |
| 15:02 | Create | Villager (Male) |
| 15:14 | Build | Blacksmith |
| 15:16 | Build | House |
| 15:39 | Create | Archer |
| 15:39 | Create | Archer |
| 15:39 | Create | Archer |
| 15:40 | Create | Archer |
| 15:45 | Build | House |
| 15:48 | Build | House |
| 15:50 | Build | House |
| 15:59 | Create | Villager (Male) |
| 15:59 | Create | Villager (Male) |
| 16:03 | Build | Farm |
| 16:37 | Build | Archery Range |
| 16:45 | Research | Fletching |
| 16:56 | Build | Farm |
| 17:09 | Build | Farm |
| 17:24 | Build | Mining Camp |
| 17:38 | Create | Villager (Male) |
| 17:38 | Create | Villager (Male) |
| 17:54 | Build | Farm |
| 17:59 | Create | Archer |
| 17:59 | Create | Archer |
| 18:07 | Research | Padded Archer Armor |
| 18:33 | Create | Archer |
| 18:34 | Create | Archer |
| 18:34 | Create | Archer |
| 18:43 | Build | Watch Tower |
| 19:21 | Create | Archer |
| 19:21 | Create | Archer |
| 19:21 | Create | Archer |
| 19:53 | Create | Archer |
| 19:53 | Create | Archer |
| 21:04 | Create | Archer |
| 21:04 | Create | Archer |
| 21:04 | Create | Archer |
| 21:05 | Create | Archer |
| 21:30 | Create | Archer |
| 21:30 | Create | Archer |
| 21:30 | Create | Archer |
| 21:53 | Build | Market |
| 22:08 | Build | Watch Tower |
| 23:09 | Research | Castle Age |
| 23:09 | Research | Castle Age |
| 23:20 | Create | Archer |
Build order — ViRGuLiNo
First 150 of 228 actions detected
| 0:01 | Create | Villager (Male) |
| 0:02 | Create | Villager (Male) |
| 0:04 | Build | House |
| 0:06 | Build | House |
| 0:06 | Create | Villager (Male) |
| 0:10 | Create | Villager (Male) |
| 1:33 | Create | Villager (Male) |
| 1:58 | Build | Lumber Camp |
| 2:00 | Create | Villager (Male) |
| 2:26 | Create | Villager (Male) |
| 2:48 | Create | Villager (Male) |
| 3:06 | Create | Villager (Male) |
| 3:33 | Create | Villager (Male) |
| 3:58 | Build | House |
| 4:00 | Build | House |
| 4:04 | Create | Villager (Male) |
| 4:38 | Create | Villager (Male) |
| 4:42 | Build | Mill |
| 4:47 | Create | Villager (Male) |
| 5:34 | Create | Villager (Male) |
| 5:47 | Create | Villager (Male) |
| 5:52 | Create | Villager (Male) |
| 6:20 | Research | Loom |
| 7:16 | Research | Feudal Age |
| 7:27 | Build | Barracks |
| 7:29 | Build | House |
| 8:39 | Create | Villager (Male) |
| 8:43 | Build | House |
| 9:26 | Age | Feudal Age |
| 9:29 | Build | Stable |
| 9:38 | Create | Villager (Male) |
| 9:47 | Build | Stable |
| 10:06 | Create | Villager (Male) |
| 10:15 | Build | Mill |
| 10:25 | Create | Scout Cavalry |
| 10:27 | Create | Scout Cavalry |
| 10:41 | Create | Villager (Male) |
| 10:42 | Build | Farm |
| 10:46 | Create | Scout Cavalry |
| 10:47 | Create | Scout Cavalry |
| 10:56 | Build | Farm |
| 11:03 | Build | Farm |
| 11:06 | Create | Villager (Male) |
| 11:17 | Build | Farm |
| 11:28 | Create | Villager (Male) |
| 11:37 | Build | Farm |
| 11:43 | Create | Scout Cavalry |
| 11:48 | Build | House |
| 11:50 | Build | House |
| 12:33 | Create | Villager (Male) |
| 12:43 | Create | Spearman |
| 12:44 | Create | Spearman |
| 12:57 | Create | Villager (Male) |
| 13:24 | Create | Villager (Male) |
| 13:41 | Build | Farm |
| 13:44 | Build | Farm |
| 13:46 | Create | Scout Cavalry |
| 13:54 | Build | Farm |
| 14:02 | Create | Spearman |
| 14:15 | Create | Spearman |
| 14:23 | Create | Scout Cavalry |
| 14:45 | Create | Scout Cavalry |
| 14:49 | Build | Farm |
| 14:57 | Research | Double-Bit Axe |
| 15:01 | Build | Farm |
| 15:04 | Build | Farm |
| 15:06 | Create | Villager (Male) |
| 15:29 | Create | Spearman |
| 15:34 | Create | Scout Cavalry |
| 15:37 | Create | Scout Cavalry |
| 15:44 | Build | Farm |
| 15:50 | Build | Farm |
| 15:53 | Build | Farm |
| 15:56 | Create | Villager (Male) |
| 16:10 | Research | Horse Collar |
| 17:41 | Create | Villager (Male) |
| 17:43 | Create | Villager (Male) |
| 17:56 | Create | Villager (Male) |
| 18:04 | Build | Blacksmith |
| 18:06 | Build | House |
| 18:34 | Create | Villager (Male) |
| 18:37 | Build | Farm |
| 18:38 | Build | Farm |
| 18:45 | Build | Mining Camp |
| 18:47 | Create | Villager (Male) |
| 18:58 | Build | Farm |
| 19:00 | Build | Farm |
| 19:03 | Build | Farm |
| 19:05 | Build | Farm |
| 19:12 | Build | Lumber Camp |
| 19:24 | Create | Villager (Male) |
| 19:41 | Create | Villager (Male) |
| 20:04 | Build | Palisade Wall |
| 20:09 | Build | Palisade Wall |
| 20:17 | Build | House |
| 20:18 | Build | House |
| 20:46 | Create | Villager (Male) |
| 20:47 | Create | Villager (Male) |
| 20:51 | Research | Gold Mining |
| 21:16 | Create | Villager (Male) |
| 21:24 | Build | House |
| 21:35 | Build | Palisade Wall |
| 21:37 | Build | Palisade Wall |
| 21:43 | Create | Villager (Male) |
| 22:12 | Build | House |
| 22:17 | Research | Castle Age |
| 23:02 | Build | Stable |
| 23:14 | Build | Stable |
| 23:27 | Research | Wheelbarrow |
| 23:54 | Research | Scale Barding Armor |
| 24:28 | Build | Stable |
| 24:41 | Build | Farm |
| 24:46 | Create | Villager (Male) |
| 24:50 | Create | Villager (Male) |
| 24:51 | Create | Villager (Male) |
| 24:59 | Research | Bloodlines |
| 25:06 | Age | Castle Age |
| 25:09 | Create | Knight |
| 25:10 | Create | Knight |
| 25:11 | Create | Knight |
| 25:12 | Create | Knight |
| 25:13 | Create | Knight |
| 25:15 | Create | Knight |
| 25:16 | Create | Knight |
| 25:17 | Create | Knight |
| 25:19 | Research | Chain Barding Armor |
| 25:31 | Build | House |
| 25:45 | Create | Knight |
| 26:03 | Research | Heavy Plow |
| 26:05 | Create | Villager (Male) |
| 26:13 | Create | Knight |
| 26:16 | Create | Knight |
| 26:20 | Create | Knight |
| 26:24 | Research | Husbandry |
| 26:28 | Create | Villager (Male) |
| 26:39 | Research | Bow Saw |
| 26:47 | Research | Gold Shaft Mining |
| 26:50 | Create | Villager (Male) |
| 26:54 | Create | Knight |
| 27:02 | Create | Knight |
| 27:41 | Create | Knight |
| 27:43 | Create | Knight |
| 28:09 | Create | Knight |
| 28:11 | Create | Knight |
| 28:57 | Create | Knight |
| 28:58 | Create | Knight |
| 28:59 | Create | Knight |
| 29:01 | Create | Knight |
| 29:04 | Create | Villager (Male) |
| 29:05 | Create | Villager (Male) |
Build order — LMG_SON SABANDIJAS
First 150 of 180 actions detected
| 0:01 | Create | Villager (Male) |
| 0:01 | Create | Villager (Male) |
| 0:02 | Create | Villager (Male) |
| 0:02 | Create | Villager (Male) |
| 0:03 | Build | House |
| 0:05 | Build | House |
| 1:23 | Create | Villager (Male) |
| 1:23 | Create | Villager (Male) |
| 1:51 | Create | Villager (Male) |
| 1:51 | Create | Villager (Male) |
| 2:11 | Build | Lumber Camp |
| 2:28 | Create | Villager (Male) |
| 2:28 | Create | Villager (Male) |
| 2:43 | Create | Villager (Male) |
| 2:43 | Create | Villager (Male) |
| 2:43 | Create | Villager (Male) |
| 2:55 | Create | Villager (Male) |
| 2:56 | Create | Villager (Male) |
| 3:24 | Build | House |
| 3:36 | Create | Villager (Male) |
| 3:37 | Create | Villager (Male) |
| 3:37 | Create | Villager (Male) |
| 4:16 | Create | Villager (Male) |
| 4:17 | Create | Villager (Male) |
| 4:48 | Build | Mill |
| 5:10 | Create | Villager (Male) |
| 5:10 | Create | Villager (Male) |
| 6:07 | Create | Villager (Male) |
| 6:32 | Research | Loom |
| 7:13 | Research | Feudal Age |
| 7:46 | Build | House |
| 7:47 | Build | Barracks |
| 8:16 | Create | Villager (Male) |
| 8:16 | Create | Villager (Male) |
| 9:23 | Age | Feudal Age |
| 9:25 | Build | Stable |
| 9:27 | Create | Villager (Male) |
| 9:27 | Create | Villager (Male) |
| 9:30 | Build | House |
| 9:30 | Build | House |
| 9:35 | Build | House |
| 9:36 | Create | Villager (Male) |
| 9:37 | Create | Villager (Male) |
| 9:51 | Research | Double-Bit Axe |
| 9:51 | Research | Double-Bit Axe |
| 9:55 | Build | Farm |
| 9:55 | Build | Farm |
| 9:55 | Build | Farm |
| 9:56 | Build | Farm |
| 9:56 | Create | Villager (Male) |
| 10:11 | Create | Scout Cavalry |
| 10:11 | Create | Scout Cavalry |
| 10:22 | Create | Villager (Male) |
| 10:23 | Create | Villager (Male) |
| 10:23 | Create | Villager (Male) |
| 10:29 | Create | Villager (Male) |
| 10:41 | Build | Palisade Wall |
| 10:43 | Create | Villager (Male) |
| 10:43 | Create | Villager (Male) |
| 10:52 | Build | House |
| 10:57 | Build | Palisade Gate |
| 11:01 | Build | Farm |
| 11:20 | Create | Villager (Male) |
| 11:20 | Create | Villager (Male) |
| 11:23 | Build | Farm |
| 11:32 | Build | House |
| 11:35 | Build | Palisade Wall |
| 11:43 | Build | Palisade Wall |
| 11:46 | Build | Palisade Wall |
| 11:47 | Create | Villager (Male) |
| 11:47 | Create | Villager (Male) |
| 12:03 | Build | Farm |
| 12:05 | Create | Villager (Male) |
| 12:30 | Create | Villager (Male) |
| 12:54 | Create | Spearman |
| 12:54 | Create | Spearman |
| 13:00 | Build | House |
| 13:09 | Build | House |
| 13:12 | Build | Palisade Wall |
| 13:14 | Build | Palisade Wall |
| 13:40 | Build | Farm |
| 13:49 | Create | Villager (Male) |
| 13:54 | Build | House |
| 13:59 | Build | Mining Camp |
| 14:42 | Create | Scout Cavalry |
| 14:42 | Create | Scout Cavalry |
| 14:47 | Create | Villager (Male) |
| 14:48 | Create | Villager (Male) |
| 14:56 | Build | Farm |
| 15:27 | Build | Lumber Camp |
| 15:28 | Create | Villager (Male) |
| 15:29 | Create | Villager (Male) |
| 15:29 | Create | Villager (Male) |
| 15:53 | Create | Villager (Male) |
| 15:53 | Create | Villager (Male) |
| 16:10 | Create | Villager (Male) |
| 16:23 | Build | House |
| 16:24 | Build | House |
| 16:26 | Build | Farm |
| 16:27 | Build | Farm |
| 16:27 | Create | Villager (Male) |
| 16:28 | Create | Villager (Male) |
| 17:01 | Build | House |
| 17:04 | Build | Palisade Wall |
| 17:09 | Create | Spearman |
| 17:19 | Build | House |
| 17:28 | Create | Spearman |
| 17:28 | Create | Spearman |
| 18:07 | Build | Palisade Wall |
| 18:11 | Build | Palisade Wall |
| 18:34 | Create | Villager (Male) |
| 18:35 | Create | Villager (Male) |
| 18:58 | Create | Villager (Male) |
| 18:59 | Create | Villager (Male) |
| 19:13 | Create | Villager (Male) |
| 19:13 | Create | Villager (Male) |
| 19:28 | Build | Farm |
| 19:28 | Create | Villager (Male) |
| 19:29 | Create | Villager (Male) |
| 19:38 | Create | Villager (Male) |
| 19:39 | Create | Villager (Male) |
| 19:47 | Build | Palisade Wall |
| 19:48 | Build | Palisade Wall |
| 19:54 | Build | Farm |
| 19:55 | Create | Villager (Male) |
| 19:55 | Create | Villager (Male) |
| 20:03 | Create | Villager (Male) |
| 20:24 | Build | Stable |
| 20:31 | Build | Stable |
| 20:49 | Create | Villager (Male) |
| 20:52 | Build | Farm |
| 20:53 | Build | Farm |
| 20:53 | Build | Farm |
| 20:53 | Build | Farm |
| 20:54 | Create | Villager (Male) |
| 21:12 | Build | Farm |
| 21:13 | Create | Villager (Male) |
| 21:18 | Build | Farm |
| 21:29 | Build | Farm |
| 22:12 | Build | Market |
| 22:25 | Create | Villager (Male) |
| 23:09 | Research | Castle Age |
| 23:14 | Build | Farm |
| 23:17 | Build | Farm |
| 23:18 | Build | Farm |
| 23:25 | Build | Farm |
| 23:38 | Build | House |
| 23:39 | Build | House |
| 23:47 | Build | Blacksmith |
| 24:35 | Research | Forging |
Match timeline
| 7:27 | ViRGuLiNo · first_building Barracks |
| 7:45 | LMG_Leonardo · first_building Barracks |
| 7:47 | LMG_SON SABANDIJAS · first_building Barracks |
| 8:27 | apyrupa_master · wall_segment Palisade Wall x5 |
| 8:28 | apyrupa_LimaH · first_building Barracks |
| 8:44 | apyrupa_master · wall_segment Palisade Wall x3 |
| 8:46 | apyrupa_LimaH · age_up feudal |
| 9:03 | LMG_HERA DE TEMU · first_building Barracks |
| 9:09 | LMG_HERA DE TEMU · wall_segment Palisade Wall x1 |
| 9:20 | apyrupa_master · wall_segment Palisade Wall x14 |
| 9:23 | LMG_SON SABANDIJAS · age_up feudal |
| 9:25 | LMG_SON SABANDIJAS · first_building Stable |
| 9:26 | ViRGuLiNo · age_up feudal |
| 9:29 | ViRGuLiNo · first_building Stable |
| 9:32 | apyrupa_LimaH · first_building Archery Range |
| 9:33 | LMG_Leonardo · age_up feudal |
| 9:34 | apyrupa_master · wall_segment Palisade Wall x4 |
| 9:35 | LMG_Leonardo · first_building Stable |
| 9:37 | apyrupa_master · wall_segment Palisade Wall x6 |
| 9:46 | apyrupa_master · wall_segment Palisade Wall x11 |
| 9:46 | LMG_Leonardo · wall_segment Palisade Wall x1 |
| 9:48 | LMG_Leonardo · wall_segment Palisade Wall x1 |
| 9:57 | LMG_HERA DE TEMU · age_up feudal |
| 10:14 | apyrupa_master · wall_segment Palisade Wall x4 |
| 10:16 | LMG_HERA DE TEMU · first_building Archery Range |
| 10:17 | apyrupa_master · age_up feudal |
| 10:32 | apyrupa_master · first_building Archery Range |
| 10:41 | LMG_SON SABANDIJAS · wall_segment Palisade Wall x20 |
| 10:50 | LMG_HERA DE TEMU · wall_segment Palisade Wall x7 |
| 11:02 | apyrupa_master · wall_segment Palisade Wall x5 |
| 11:30 | apyrupa_LimaH · wall_segment Palisade Wall x4 |
| 11:35 | LMG_SON SABANDIJAS · wall_segment Palisade Wall x11 |
| 11:43 | LMG_SON SABANDIJAS · wall_segment Palisade Wall x2 |
| 11:44 | LMG_HERA DE TEMU · wall_segment Palisade Wall x9 |
| 11:46 | LMG_SON SABANDIJAS · wall_segment Palisade Wall x9 |
| 12:07 | apyrupa_LimaH · wall_segment Palisade Wall x16 |
| 12:28 | LMG_HERA DE TEMU · wall_segment Palisade Wall x10 |
| 12:31 | LMG_HERA DE TEMU · wall_segment Palisade Wall x3 |
| 12:31 | LMG_Leonardo · wall_segment Palisade Wall x16 |
| 12:34 | LMG_Leonardo · wall_segment Palisade Wall x8 |
| 12:35 | LMG_Leonardo · wall_segment Palisade Wall x4 |
| 12:55 | apyrupa_LimaH · wall_segment Palisade Wall x17 |
| 12:59 | LMG_HERA DE TEMU · wall_segment Palisade Wall x10 |
| 13:12 | LMG_SON SABANDIJAS · wall_segment Palisade Wall x2 |
| 13:14 | LMG_SON SABANDIJAS · wall_segment Palisade Wall x1 |
| 13:32 | apyrupa_master · wall_segment Palisade Wall x3 |
| 13:35 | apyrupa_master · wall_segment Palisade Wall x6 |
| 13:51 | apyrupa_LimaH · wall_segment Palisade Wall x1 |
| 13:58 | apyrupa_LimaH · wall_segment Palisade Wall x1 |
| 14:00 | LMG_Leonardo · wall_segment Palisade Wall x19 |
| 14:03 | LMG_Leonardo · wall_segment Palisade Wall x10 |
| 14:07 | LMG_Leonardo · wall_segment Palisade Wall x15 |
| 14:13 | apyrupa_master · wall_segment Palisade Wall x5 |
| 14:43 | LMG_Leonardo · wall_segment Palisade Wall x11 |
| 14:46 | LMG_Leonardo · wall_segment Palisade Wall x9 |
| 14:47 | LMG_Leonardo · wall_segment Palisade Wall x6 |
| 16:15 | apyrupa_LimaH · wall_segment Palisade Wall x1 |
| 16:21 | apyrupa_LimaH · wall_segment Palisade Wall x11 |
| 17:04 | LMG_SON SABANDIJAS · wall_segment Palisade Wall x1 |
| 18:07 | LMG_SON SABANDIJAS · wall_segment Palisade Wall x1 |
| 18:11 | LMG_SON SABANDIJAS · wall_segment Palisade Wall x1 |
| 19:47 | LMG_SON SABANDIJAS · wall_segment Palisade Wall x1 |
| 19:48 | LMG_SON SABANDIJAS · wall_segment Palisade Wall x1 |
| 19:57 | LMG_Leonardo · age_up castle |
| 20:04 | ViRGuLiNo · wall_segment Palisade Wall x6 |
| 20:09 | ViRGuLiNo · wall_segment Palisade Wall x15 |
| 21:35 | ViRGuLiNo · wall_segment Palisade Wall x12 |
| 21:37 | ViRGuLiNo · wall_segment Palisade Wall x2 |
| 23:03 | LMG_HERA DE TEMU · first_market_sell 100 food |
| 23:05 | LMG_SON SABANDIJAS · first_market_buy 100 food |
| 23:22 | LMG_Leonardo · first_building Siege Workshop |
| 24:55 | apyrupa_LimaH · age_up castle |
| 25:00 | LMG_HERA DE TEMU · wall_segment Stone Wall x1 |
| 25:06 | ViRGuLiNo · age_up castle |
| 25:08 | LMG_HERA DE TEMU · wall_segment Stone Wall x1 |
| 25:49 | LMG_HERA DE TEMU · age_up castle |
| 26:04 | LMG_SON SABANDIJAS · age_up castle |
| 26:36 | apyrupa_master · age_up castle |
| 28:02 | LMG_Leonardo · first_market_buy 100 food |
| 28:22 | LMG_SON SABANDIJAS · resign |
| 28:47 | apyrupa_master · first_building Siege Workshop |
| 29:52 | apyrupa_master · first_building Stable |
| 32:23 | LMG_Leonardo · first_building Castle |
| 33:00 | LMG_Leonardo · wall_segment Palisade Wall x1 |
| 36:27 | apyrupa_LimaH · first_market_sell 500 wood |
| 36:38 | apyrupa_LimaH · first_market_buy 100 food |
| 37:03 | apyrupa_LimaH · first_building Monastery |
[ AI ANALYSIS · 1 CREDIT ]
What really happened in this match?
Wolo.gg analyzes every decision: build order, eco, micro, common mistakes by bracket. Personalized analysis on WhatsApp or Discord in 30 seconds.
Civ guide
Khmer
Map guide
Arabia
Perfil
Jugador #310472